 Dungeon Crawl Stone Soup version 0.26-a0-844-g3dd439832f (webtiles) character file.

Game seed: 3665159816818294394

27 pablito the Charlatan (level 2, 0/21 HPs)
             Began as a Demonspawn Artificer on Nov 18, 2020.
             Slain by an adder (5 damage)
             ... on level 2 of the Dungeon.
             The game lasted 00:04:59 (1008 turns).

pablito the Charlatan (Demonspawn Artificer)        Turns: 1008, Time: 00:05:00

Health: 0/21       AC:  3    Str: 12    XL:     2   Next: 93%
Magic:  3/3        EV: 11    Int: 12    God:
Gold:   59         SH:  0    Dex: 13    Spells: 2/2 levels left

rFire    . . .     SeeInvis .   h - +0 mace
rCold    . . .     Faith    .   (no shield)
rNeg     . . .     Spirit   .   b - +0 leather armour
rPois    .         Reflect  .   (helmet restricted)
rElec    .         Harm     .   (no cloak)
rCorr    .         Rampage  .   (no gloves)
MR       .....                  (no boots)
Stlth    +.........             (no amulet)
HPRegen  0.07/turn              (no ring)
MPRegen  0.08/turn              (no ring)

@: lethally poisoned (0 -> -10)
A: horns 1, wild magic 1, rot immunity
a: no special abilities


You were on level 2 of the Dungeon.
You visited 1 branch of the dungeon, and saw 2 of its levels.

You collected 59 gold pieces.

Inventory:

Hand Weapons
 a - a +0 club
 g - a +0 hunting sling
 h - a +0 mace (weapon)
Missiles
 o - 21 bolts
Armour
 b - a +0 leather armour (worn)
Jewellery
 p - an uncursed amulet of regeneration {unknown}
Wands
 c - a wand of flame (15)
 d - a wand of enslavement (15)
 e - a wand of random effects (15)
Scrolls
 k - 2 scrolls of remove curse {unknown}
 l - a scroll of teleportation {unknown}
 m - a scroll of magic mapping
 n - a scroll of identify {unknown}
 q - a scroll of enchant armour {unknown}
 r - 3 scrolls of enchant weapon {unknown}
Potions
 f - a potion of might {unknown}
 i - a potion of mutation
 j - a potion of curing {unknown}


   Skills:
 + Level 1.5 Fighting
 + Level 0.5 Maces & Flails
 - Level 2.0 Armour
 + Level 1.0 Dodging
 - Level 1.0 Stealth
 + Level 0.9 Spellcasting
 + Level 3.2 Evocations


You had 2 spell levels left.
You didn't know any spells.
Your spell library was empty.

Dungeon Overview and Level Annotations

Branches:
Dungeon (2/15)

Altars:


Innate Abilities, Weirdness & Mutations

You are immune to rotting.
You have a pair of small horns on your head.
Your spells are a little harder to cast, but a little more powerful.


Message History

The adder is moderately wounded!
You feel sick! The adder bites you!
You are lethally poisoned!!!
The adder poisons you!!! The adder closely misses you!
You beat the adder like a drum!
The adder is severely wounded!
You feel sick! The adder barely misses you! The adder bites you!
You closely miss the adder!
The adder is severely wounded! * * * don't die
* * * You feel sick!
The adder closely misses you! The adder barely misses you!
It was a potion of mutation!
You feel extremely strange!
You feel robust!
You feel frail!
You feel less in control of your magic! A pair of horns grows on your head!!!
The adder closely misses you!
You closely miss the adder!
The adder is severely wounded! * * * don't die
* * * You feel sick!
The adder bites you! rip

#......<.......
#######.#######
#.# #######.#
#.......#
####.......#####
#..............#
#.##...........#
#@########.....#
#S# #.....#
#......hh..#
#.....#
###........#
#.....#
#........#
#.....#
#........#
#.....#
#........#
#######
#.........
#.........h


You could see an adder and 2 jackals.

Vanquished Creatures
  3 dart slugs (D:1)
  A leopard gecko (D:1)
  A giant cockroach (D:1)
  A goblin (D:1)
  A hobgoblin (D:2)
  2 jackals (D:2)
  3 kobolds (D:1)
  A ball python (D:1)
  5 frilled lizards (D:1)
  3 rats (D:1)
21 creatures vanquished.

Notes
Turn   | Place    | Note
-------+----------+-------------------------------------------
     0 | D:1      | pablito the Demonspawn Artificer began the quest for the
                  | Orb.
     0 | D:1      | Reached XP level 1. HP: 15/15 MP: 1/1
    30 | D:1      | Reached skill level 1 in Dodging
    30 | D:1      | Reached skill level 1 in Stealth
   295 | D:1      | Gained mutation: You are immune to rotting. [demonic
                  | ancestry]
   295 | D:1      | Reached XP level 2. HP: 21/21 MP: 2/2
  1007 | D:2      | Gained mutation: You are robust. (+10% HP) [potion of
                  | mutation]
  1007 | D:2      | Lost mutation: You are robust. (+10% HP) [potion of
                  | mutation]
  1007 | D:2      | Gained mutation: Your spells are a little harder to cast,
                  | but a little more powerful. [potion of mutation]
  1007 | D:2      | Gained mutation: You have a pair of small horns on your
                  | head. [potion of mutation]
  1008 | D:2      | Slain by an adder

Illustrated notes

Levels and vault maps discovered:
D:1:      lightli_arrival_statue_moat, layout_basic, hex_large
D:2:      layout_basic

Skill      XL: |  1  2 |
---------------+-------+-----
Dodging        | 1 |  1.0
Stealth        | 1 |  1.0
Armour         | 2 |  2.0
Fighting       | |  1.5
Maces & Flails | |  0.5
Spellcasting   | |  0.9
Evocations     | |  3.2

Action                   || total
-------------------------++-------
Melee: Club              ||    20
       Mace              ||    38
  Use: Scroll            ||     1
       Potion            ||     1
 Stab: Sleeping          ||     3
Armor: Leather armour    ||    11
Dodge: Dodged            ||    32

Table legend: (Time is in decaauts)
 A = Elapsed time spent in this place.
 B = Non-inter-level travel time spent in this place.
 C = Inter-level travel time spent in this place.
 D = Time resting spent in this place.
 E = Time spent auto-exploring this place.
 F = Levels seen in this place.
 G = Mean time per level.
                   A        B        C        D        E       F      G
               +--------+--------+--------+--------+--------+-----+--------+
         Total |   1027 |   1017 |     10 |      0 |    817 |   2 |  513.5 |
       Dungeon |   1027 |   1017 |     10 |      0 |    817 |   2 |  513.5 |
               +--------+--------+--------+--------+--------+-----+--------+

Top non-repeatable levels by time:
     D:1: 975 daAuts
     D:2: 52 daAuts
